Map: [ESL] Dragon Scales

Players

gumiho - Winner!

  • Race: Terran Terran
  • Spawn Location: 5:00

Clem

  • Race: Terran Terran
  • League: Grandmaster
  • Spawn Location: 11:00

Event: HomeStory Cup XXIII

VOD

Have the link to the VOD?

Description

Time

  • Played on: July 1, 2023, 9:51 a.m.
  • Length: 20:08

All games in this series

Show
View Real Time Build Order
Export as new Build Order

gumiho Terran - Winner!

Build Orders: Mech 

Get SALT Encoding   

  12  0:00  SCV  
  13  0:12  SCV  
  14  0:16  Supply Depot  
  14  0:24  SCV  
  14  0:27  Refinery  
  15  0:38  SCV  
  16  0:43  Barracks  
  16  0:50  SCV  
  16  0:53  Refinery  
  17  1:02  SCV  
  18  1:14  SCV  
  19  1:29  Orbital Command  
  19  1:30  Reaper  
  20  1:33  Factory  
  20  1:43  Supply Depot  
  20  1:55  SCV  
  21  2:02  Reaper  
  21  2:07  SCV  
  23  2:17  Hellion  
  23  2:19  SCV  
  26  2:25  Command Center  
  26  2:31  SCV  
  26  2:34  Reaper, Supply Depot  
  28  2:38  Hellion  
  28  2:43  SCV  
  31  2:52  Starport  
  31  2:55  SCV  
  32  3:01  Hellion  
  34  3:07  SCV  
  35  3:19  SCV  
  35  3:23  Hellion, Barracks Tech Lab  
  35  3:30  Starport Tech Lab  
  35  3:31  SCV  
  36  3:37  Orbital Command  
  36  3:41  Refinery  
  36  3:44  SCV  
  37  3:50  Banshee, Cyclone, Barracks Reactor  
  43  3:56  SCV, Supply Depot  
  44  4:03  SCV  
  44  4:08  SCV  
  46  4:15  SCV  
  47  4:20  SCV  
  47  4:22  Cyclone  
  51  4:27  Command Center  
  51  4:29  SCV  
  52  4:34  Banshee  
  52  4:35  SCV  
  56  4:41  Supply Depot  
  56  4:43  SCV  
  55  4:47  SCV  
  55  4:49  Refinery  
  55  4:51  Supply Depot  
  56  4:55  SCV  
  56  4:57  Cyclone  
  56  4:59  SCV  
  61  5:00  Supply Depot  
  61  5:08  SCV  
  61  5:11  SCV  
  63  5:20  SCV  
  64  5:23  SCV  
  64  5:24  Factory  
  64  5:27  Factory  
  65  5:31  Starport Reactor  
  65  5:32  SCV  
  66  5:36  SCV  
  66  5:38  Siege Tank  
  66  5:41  Orbital Command  
  67  5:44  SCV  
  67  5:48  SCV  
  67  5:49  Armory, Engineering Bay  
  69  5:56  SCV  
  70  6:00  SCV  
  69  6:07  Siege Tank  
  69  6:10  SCV x2, Viking x2, Siege Tank  
  78  6:12  Hellion  
  78  6:13  Orbital Command, Hellion  
  78  6:17  SCV  
  80  6:22  SCV  
  81  6:29  SCV  
  81  6:30  Refinery  
  82  6:34  SCV, Refinery  
  82  6:39  Siege Tank  
  79  6:40  SCV  
  79  6:41  SCV  
  79  6:42  Viking  
  79  6:46  SCV  
  84  6:50  Viking  
  84  6:53  SCV x2  
  88  6:57  Supply Depot  
  88  6:58  SCV  
  88  6:59  Siege Tank  
  92  7:05  SCV x2, Terran Vehicle Weapons Level 1  
  94  7:10  SCV  
  94  7:12  Sensor Tower, Infernal Pre-Igniter, Supply Depot  
  95  7:17  SCV  
  95  7:18  SCV  
  95  7:19  Missile Turret  
  95  7:21  Siege Tank  
  100  7:25  Hellion, SCV  
  102  7:34  Siege Tank  
  100  7:48  Liberator  
  100  7:50  SCV  
  104  7:53  Siege Tank, Supply Depot  
  104  7:54  Supply Depot  
  104  7:55  Hellion  
  109  8:15  Liberator, SCV x2, Hellion  
  116  8:23  Hellion x2  
  116  8:25  Hellion  
  119  8:27  SCV x2  
  119  8:30  Orbital Command  
  119  8:34  Viking  
  119  8:37  Hellion  
  119  8:39  SCV x2  
  115  8:51  SCV x2  
  117  8:56  Siege Tank x2  
  117  8:58  Viking  
  117  9:00  Hellion  
  117  9:01  SCV  
  125  9:11  Viking, Supply Depot x2  
  125  9:12  SCV  
  125  9:15  Refinery  
  128  9:21  Missile Turret  
  128  9:28  Viking  
  130  9:32  Command Center  
  130  9:45  Starport  
  130  9:48  Terran Vehicle And Ship Armor Level 1  
  130  9:50  Viking  
  132  9:53  SCV x2  
  132  9:54  SCV  
  132  9:57  Viking, Siege Tank x2  
  143  10:04  Hellion x2  
  147  10:07  Starport  
  147  10:10  Supply Depot  
  147  10:11  Supply Depot  
  147  10:20  Viking  
  148  10:21  Starport Reactor  
  148  10:25  Missile Turret  
  146  10:29  Hellion  
  146  10:32  Hellion, Siege Tank x2  
  137  10:57  Viking x2  
  137  11:00  Hellion x2  
  136  11:04  Cyclone x2  
  136  11:11  Viking x3  
  140  11:16  SCV x3  
  145  11:24  Missile Turret  
  142  11:25  Missile Turret  
  142  11:26  Viking  
  142  11:31  Hellion  
  144  11:36  Siege Tank x2  
  144  11:38  Viking  
  137  11:41  Viking  
  121  11:47  Hellion  
  121  11:49  Planetary Fortress  
  121  11:50  SCV x3  
  121  11:53  Hellion  
  128  11:55  Viking  
  128  11:56  Starport Tech Lab  
  128  11:59  Refinery  
  128  12:01  Refinery  
  128  12:08  Siege Tank x2  
  134  12:16  Raven  
  136  12:25  Missile Turret  
  136  12:29  Terran Ship Weapons Level 1  
  134  12:34  Hellion x2  
  138  12:37  Viking x2  
  138  12:38  Viking  
  138  12:39  Viking  
  138  12:40  Siege Tank x2  
  152  12:46  Fusion Core  
  152  12:57  SCV x3, Sensor Tower  
  152  13:09  Hellion  
  152  13:10  Hellion  
  152  13:11  Viking x4  
  160  13:13  Hellion x2, Viking  
  164  13:27  Command Center  
  164  13:33  Hellion x2  
  170  13:34  Hellion  
  170  13:41  Command Center  
  170  13:42  Missile Turret  
  170  13:45  Supply Depot  
  170  13:46  Supply Depot  
  170  13:50  Battlecruiser  
  176  14:05  Viking x2  
  176  14:07  Viking x2  
  184  14:22  Cyclone x2  
  184  14:23  Hellion x2, Terran Vehicle And Ship Armor Level 2  
  194  14:31  Starport x2  
  194  14:39  Viking x3  
  194  14:42  Orbital Command  
  198  15:00  Viking  
  196  15:10  Cyclone  
  196  15:12  Orbital Command  
  199  15:15  Starport Reactor  
  199  15:16  Starport Reactor  
  199  15:19  Armory  
  199  15:30  Weapon Refit  
  195  15:54  Refinery  
  195  16:01  Missile Turret  
  195  16:02  Missile Turret  
  195  16:11  Terran Ship Weapons Level 2  
  195  16:16  Refinery  
  195  16:26  Missile Turret x2  
  195  16:29  Viking x2  
  195  16:30  Missile Turret  
  195  16:31  Viking  
  200  16:33  Missile Turret  
  200  16:34  Missile Turret x2  
  200  16:36  Missile Turret  
  200  16:37  Missile Turret  
  200  16:40  Missile Turret  
  192  16:47  Viking x2  
  192  16:48  Viking x4  
  194  16:59  Viking x2  
  196  17:01  Viking  
  182  17:17  Viking x2  
  182  17:18  Viking x4  
  184  17:29  Viking x2  
  187  17:30  Command Center  
  187  17:31  Viking  
  189  17:47  Viking  
  191  17:55  Command Center  
  191  17:57  Viking x2  
  195  18:21  Orbital Command  
  195  18:34  Viking x2  
  192  18:41  Battlecruiser  
  192  18:48  Viking x2  
  180  18:49  Viking x2  
  180  18:50  Siege Tank  
  185  19:07  Viking  
  185  19:08  Viking  
  185  19:09  Viking x2  
  185  19:18  Viking  
  185  19:19  Viking  
  185  19:20  Siege Tank  
  187  19:24  Siege Tank  
Show
View Real Time Build Order
Export as new Build Order

Clem Terran 

Build Orders: Gas First Reaper Expand 

Get SALT Encoding   

  12  0:00  SCV  
  13  0:12  SCV  
  14  0:16  Supply Depot  
  14  0:24  SCV  
  15  0:30  Refinery  
  15  0:38  SCV  
  16  0:43  Barracks  
  16  0:50  SCV  
  17  1:02  SCV  
  18  1:14  SCV  
  19  1:30  Orbital Command, Reaper  
  20  1:49  Command Center  
  20  1:54  Factory  
  20  1:57  SCV  
  21  2:08  Barracks Reactor, Supply Depot  
  21  2:11  SCV  
  22  2:17  Refinery  
  22  2:23  SCV  
  23  2:35  SCV  
  24  2:44  Starport  
  24  2:47  Hellion  
  24  2:48  Hellion  
  24  2:50  SCV  
  29  2:54  Barracks Tech Lab  
  29  3:01  Orbital Command  
  29  3:02  SCV  
  30  3:09  Hellion  
  34  3:12  Hellion  
  34  3:19  Orbital Command  
  35  3:20  SCV  
  35  3:28  Barracks Tech Lab  
  35  3:32  Raven, SCV  
  38  3:36  Supply Depot  
  38  3:44  SCV  
  38  3:45  SCV  
  40  3:52  Cyclone  
  43  3:56  SCV  
  43  3:57  SCV, Marine x2  
  43  4:01  Supply Depot  
  47  4:07  Raven  
  47  4:08  SCV  
  47  4:09  SCV  
  51  4:15  Marine x2  
  53  4:20  SCV  
  53  4:23  SCV, Supply Depot  
  55  4:31  Siege Tank  
  58  4:32  SCV  
  58  4:36  Command Center  
  59  4:38  SCV  
  59  4:45  SCV  
  63  4:46  Supply Depot  
  63  4:51  SCV  
  63  4:52  Refinery  
  62  4:55  Barracks  
  62  4:57  Barracks  
  62  5:00  Starport Reactor  
  62  5:01  SCV  
  62  5:03  Stimpack, SCV  
  64  5:07  Supply Depot  
  64  5:13  SCV  
  62  5:15  SCV  
  62  5:19  Marine  
  64  5:25  SCV  
  64  5:27  SCV  
  66  5:32  Supply Depot  
  63  5:37  SCV, Marine  
  63  5:39  SCV  
  63  5:41  Supply Depot  
  63  5:42  Marine x2, Siege Tank  
  71  5:46  Starport Reactor, Refinery  
  71  5:48  Orbital Command  
  71  5:49  SCV  
  72  5:53  SCV  
  72  5:54  Marine x2  
  72  5:55  Marine  
  76  6:00  Marine  
  76  6:03  Engineering Bay, SCV  
  78  6:09  SCV  
  74  6:15  Marine  
  74  6:17  SCV  
  74  6:18  SCV, Marine, Engineering Bay  
  75  6:19  Marine  
  75  6:20  Marauder  
  75  6:21  Siege Tank  
  75  6:25  Medivac x2  
  86  6:29  Marine, Supply Depot  
  86  6:31  SCV  
  86  6:32  SCV  
  89  6:35  Marine  
  89  6:37  Marine  
  86  6:40  Marine  
  86  6:41  Orbital Command, Marine  
  86  6:43  SCV  
  86  6:46  Combat Shield  
  88  6:47  SCV  
  88  6:49  Terran Infantry Weapons Level 1, Marine, Terran Infantry Armor Level 1  
  85  7:01  Marine x2  
  85  7:02  Barracks  
  85  7:04  Barracks  
  85  7:06  Siege Tank  
  85  7:07  SCV x2  
  92  7:09  SCV  
  92  7:13  Marine x2  
  95  7:18  Medivac x2  
  95  7:20  Marauder  
  95  7:21  SCV  
  95  7:22  SCV  
  102  7:25  Marine  
  103  7:30  SCV  
  103  7:32  Marine x2  
  103  7:35  SCV x2  
  106  7:38  Marine, Supply Depot  
  106  7:41  Marine  
  106  7:42  SCV, Siege Tank  
  106  7:44  Marine  
  112  7:48  Supply Depot  
  113  7:52  Barracks Reactor, Barracks Tech Lab  
  113  7:53  Marine x2  
  113  7:54  SCV  
  113  7:55  SCV  
  113  7:56  SCV  
  118  8:00  Armory  
  118  8:03  Viking  
  120  8:07  Viking  
  120  8:08  SCV x2  
  120  8:11  Marauder  
  120  8:12  Concussive Shells  
  123  8:15  Siege Tank  
  123  8:20  Marine x3  
  123  8:21  Marine  
  123  8:22  SCV  
  123  8:26  SCV x2  
  128  8:28  Supply Depot  
  128  8:29  Marauder  
  128  8:30  Marine  
  128  8:31  Marine  
  130  8:39  Marine x2  
  130  8:40  Marine x2  
  125  8:41  Marauder  
  117  8:49  Marine  
  117  8:50  Refinery x2  
  117  8:54  Command Center  
  106  8:56  Viking x2  
  106  8:59  Marine x3  
  106  9:00  Marine x2  
  113  9:02  Marauder  
  113  9:06  Marauder  
  113  9:08  Siege Tank  
  118  9:13  Marine  
  118  9:14  Starport  
  119  9:19  Terran Vehicle And Ship Armor Level 1  
  120  9:24  Marauder  
  120  9:27  Bunker, SCV x2  
  120  9:28  Supply Depot  
  120  9:31  Terran Infantry Weapons Level 2  
  121  9:34  Marine x3  
  121  9:37  Terran Infantry Armor Level 2  
  125  9:42  Marine x2  
  127  9:47  Supply Depot  
  127  9:48  Viking x2  
  127  9:52  SCV x3  
  132  9:57  Barracks Tech Lab  
  129  10:04  SCV  
  128  10:07  Viking x2  
  128  10:09  SCV  
  133  10:15  Siege Tank  
  133  10:18  Viking x2, Supply Depot  
  133  10:20  Starport  
  140  10:23  Marauder  
  140  10:25  Marauder  
  140  10:27  SCV x3, Barracks Reactor  
  147  10:38  Viking  
  147  10:39  SCV x2  
  150  10:45  Refinery x2  
  150  10:48  Viking  
  134  10:50  Viking  
  134  10:51  Viking  
  134  10:52  Marine  
  134  10:54  Marine  
  129  11:03  Viking  
  122  11:05  Liberator  
  122  11:08  Liberator  
  122  11:11  Siege Tank  
  124  11:13  SCV x2  
  124  11:15  SCV  
  126  11:21  Viking  
  126  11:26  Liberator  
  126  11:28  Marauder  
  126  11:29  SCV  
  106  11:40  Viking  
  106  11:41  Marauder x2  
  106  11:42  SCV  
  106  11:44  SCV  
  106  11:46  SCV  
  112  11:53  Viking  
  114  11:54  SCV  
  114  11:56  Viking  
  111  12:01  Viking  
  111  12:03  SCV  
  111  12:05  SCV  
  116  12:10  SCV  
  116  12:11  Viking  
  116  12:14  Orbital Command  
  116  12:15  SCV  
  119  12:19  SCV  
  120  12:23  SCV  
  120  12:28  Viking x2  
  120  12:29  SCV  
  126  12:31  SCV  
  126  12:33  Marauder  
  126  12:35  SCV  
  130  12:38  Viking x2  
  130  12:40  Viking  
  130  12:41  SCV x2  
  130  12:43  SCV  
  139  12:45  Refinery  
  139  12:46  Terran Ship Weapons Level 1, Refinery  
  139  12:49  Fusion Core  
  139  12:50  Viking  
  141  12:58  Viking x2  
  143  13:01  Marauder  
  143  13:03  SCV x3  
  143  13:04  SCV  
  146  13:08  Liberator x2  
  150  13:15  SCV x2  
  150  13:16  SCV x2  
  150  13:17  Command Center  
  154  13:20  Sensor Tower  
  154  13:24  Viking x2  
  158  13:27  SCV  
  158  13:29  Viking  
  158  13:30  SCV  
  158  13:33  SCV  
  158  13:34  Viking  
  165  13:36  Advanced Ballistics, Supply Depot  
  165  13:46  Starport  
  165  13:49  Command Center  
  165  13:50  Marine x2  
  165  13:51  Marine  
  168  13:57  Supply Depot  
  168  14:00  Viking x2  
  168  14:02  Viking  
  168  14:08  Viking x2  
  174  14:12  Supply Depot  
  174  14:15  Viking  
  176  14:20  Sensor Tower  
  176  14:30  Viking  
  176  14:33  Viking x2  
  176  14:34  Armory  
  176  14:38  Viking x2  
  182  14:44  Orbital Command  
  182  14:45  Viking  
  185  14:46  Marauder  
  185  14:49  SCV  
  185  14:51  SCV  
  180  14:53  SCV  
  180  14:55  SCV  
  180  14:59  Liberator  
  182  15:02  SCV  
  182  15:03  Viking  
  182  15:06  Viking  
  188  15:09  Marine x2  
  181  15:14  Viking  
  181  15:18  Terran Ship Weapons Level 2  
  183  15:23  Terran Vehicle And Ship Armor Level 2  
  183  15:33  Starport Reactor  
  183  15:37  Sensor Tower, Refinery  
  183  15:41  Marine, Marauder x3  
  180  15:45  Liberator  
  180  15:48  Liberator  
  183  15:53  Siege Tank  
  186  15:59  Marine  
  186  16:02  Marine  
  188  16:10  Marauder x2  
  188  16:11  Marauder, Marine x2  
  193  16:17  Marine  
  195  16:22  Viking, Command Center  
  197  16:30  Viking  
  197  16:32  Orbital Command  
  199  16:33  Terran Infantry Weapons Level 3  
  199  16:45  Marauder  
  199  16:48  Terran Infantry Armor Level 3  
  199  16:49  SCV  
  199  16:52  Viking  
  200  17:03  Refinery  
  200  17:05  Viking  
  200  17:06  Refinery  
  199  17:14  Viking, Missile Turret  
  199  17:15  Missile Turret  
  199  17:19  Viking  
  199  17:21  Missile Turret x2  
  196  17:34  Viking  
  198  17:38  Marauder  
  200  17:48  Command Center  
  200  17:50  Sensor Tower  
  200  17:51  Missile Turret  
  200  17:58  Supply Depot  
  200  18:06  Sensor Tower  
  197  18:41  Liberator x2  
  187  18:42  Liberator  
  187  18:44  Liberator  
  187  18:46  Viking  
  187  18:48  Viking  
  191  18:58  Viking  
  166  19:12  Marauder  
  166  19:13  Marauder x2, Marine x2  
  162  19:19  Marine  
  157  19:24  Marine  
  157  19:31  Marine  
  147  19:34  Marine x2  
  138  19:42  Marine  
Tags
 
Add a new tag
Caveats
  • Supply blocks, unpowered buildings, or Contaminate may cause inaccurate times.
  • Supply counts are checked every 10 seconds.